 Dungeon Sprint DCSS version 0.22.0-18-ge075c0d (webtiles) character file.

11000000 poirepourri the Intangible (level 27, -8/298 HPs)
             Began as a Deep Dwarf Gladiator on Aug 18, 2018.
             Was the Champion of Makhleb.
             Mangled by a bag of meat
             ... wielding a +9 war axe
              (29 damage)
             ... in the Dungeon (Sprint VIII: "Arena of Blood").
             The game lasted 00:01:54 (110 turns).

poirepourri the Intangible (Deep Dwarf Gladiator)    Turns: 110, Time: 00:01:54

Health: -8/298     AC:  8    Str: 20    XL:     27
Magic:  42/54      EV: 36    Int: 11    God:    Makhleb [******]
Gold:   0          SH:  0    Dex: 23    Spells: 80/80 levels left

rFire    . . .     SeeInvis .   k - +∞ Axe of Woe
rCold    . . .     Gourm    .   (shield currently unavailable)
rNeg     + . .     Faith    .   a - +0 leather armour
rPois    .         Spirit   .   b - +0 helmet
rElec    .         Reflect  .   (no cloak)
rCorr    .         Harm     .   (no gloves)
MR       ++++.     NoTele   +   (no boots)
Stlth    +++++++++.             (no amulet)
HPRegen  0.00/turn              (no ring)
MPRegen  0.34/turn              (no ring)

@: non-regenerating
A: damage resistance, heal wounds, negative energy resistance 1, sense
surroundings 3, no regeneration
a: Heal Wounds, Minor Destruction, Lesser Servant of Makhleb, Major Destruction,
Greater Servant of Makhleb, Renounce Religion


You were in the Dungeon.
You worshipped Makhleb.
Makhleb was exalted by your worship.
You were not hungry.

You visited 1 branch

Inventory:

Hand Weapons
 k - the +∞ Axe of Woe (weapon)
   (You found it in the Dungeon)
Missiles
 c - 3 throwing nets (quivered)
Armour
 a - a +0 leather armour (worn)
 b - a +0 helmet (worn)
Scrolls
 j - a scroll of blinking
Potions
 e - a potion of curing
 f - a potion of heal wounds
 g - a potion of haste
 h - 2 potions of magic
 i - a potion of berserk rage
Comestibles
 d - a ration


   Skills:
 O Level 27 Fighting
 O Level 27 Axes
 O Level 27 Throwing
 O Level 27 Armour
 O Level 27 Dodging
 O Level 27 Stealth
 O Level 27 Unarmed Combat
 O Level 27 Spellcasting
 O Level 27 Invocations


You had 80 spell levels left.
You didn't know any spells.
Your spell library was empty.

Dungeon Overview and Level Annotations

Branches:
Dungeon (1/1)

Altars:
Makhleb

Annotations:
D The Servant


Innate Abilities, Weirdness & Mutations

You are resistant to damage.
You can heal yourself by infusing magical energy.
You resist negative energy. (rN+)
You passively map a large area around you.
You do not regenerate.


Message History

Something smites you!
* * * LOW HITPOINT WARNING * * *
The destroyer blinks!
You hear a shout! x2
A bag of meat comes into view. It is wielding a +9 war axe.
You hear a shout!
Unknown command.
Press < or > to pray at altars.
Unknown command.
Press < or > to pray at altars. 5 orcs, an ogre, a greater mummy, a vampire knight and Harold come into view.
The Servant is wielding a +9 glaive of flaming.
The destroyer is wielding a +9 great sword of slicing.
You hear a shout! x2
A bag of meat comes into view. It is wielding a +9 war axe.
The reaper hits you with a scythe of distortion!!!
* * * LOW HITPOINT WARNING * * *
Space bends around you.
You hear a shout! x2
The bag of meat hits you with a +9 war axe!!
You die...

,, ,,, , ....., ..
, , , ,#.... .# ,,
, ,, , oo , #...
,..# , , , , ,
.OO###..., ..###.
, ,
.o......###......
,,
#§O...VM%_%..... ,
* , , #))...# , ,
* ,#_)<._# , , ,,
#@W...# ,
#{....oo2_...§%.,
,,
ooO....o###.%%%..,
, * , ,
,oo{###...,,%.###.
,,,, , , ,,


,oM #.o., ..# ,, , , , , , , ,#...V ,.# ,, , , ,, ,,, .%.@o .., , , *, , ...o..
, , ,, ,, ,, * * , , , ,* You could see 2 accurseds, a reaper, The Servant
(wandering), 2 destroyers, a dread, a meat berserker (berserk) and 11 bags of
meat.

Vanquished Creatures
  5 hell beasts (D)
  A greater mummy (D)
  3 wraiths (D)
  10 vampire knights (D)
  22 ogres (D)
  3 two-headed ogres (D)
  4 liches (D)
  2 hydras (D)
  23 orcs (D)
  A phantom (D)
74 creatures vanquished.

Notes
Turn   | Place    | Note
-------+----------+-------------------------------------------
     0 | D        | Found the +∞ Axe of Woe
     0 | D        | poirepourri the Deep Dwarf Gladiator began the quest for the Orb.
     0 | D        | Reached XP level 1. HP: 19/19 MP: 1/1
     2 | D        | Noticed a bag of meat
     2 | D        | Noticed a meat berserker
     3 | D        | Became a worshipper of Makhleb the Destroyer
     3 | D        | Noticed a bag of meat
     6 | D        | Noticed a meat berserker
     7 | D        | Killed a bag of meat
     7 | D        | Reached XP level 2. HP: 40/40 MP: 2/2
     7 | D        | Reached XP level 3. HP: 48/48 MP: 3/3
     7 | D        | Reached XP level 4. HP: 55/55 MP: 4/4
     7 | D        | Reached XP level 5. HP: 62/62 MP: 5/5
     7 | D        | Reached XP level 6. HP: 70/70 MP: 6/6
     7 | D        | Reached XP level 7. HP: 76/76 MP: 7/7
     7 | D        | Reached XP level 8. HP: 85/85 MP: 8/8
     7 | D        | Gained mutation: You passively map the area around you. [Deep Dwarf growth]
     7 | D        | Reached XP level 9. HP: 92/92 MP: 9/9
     7 | D        | Reached XP level 10. HP: 99/99 MP: 10/10
     7 | D        | Reached XP level 11. HP: 106/106 MP: 11/11
     7 | D        | Killed a meat berserker
     7 | D        | Reached * piety under Makhleb
     7 | D        | Reached XP level 12. HP: 122/122 MP: 12/12
     7 | D        | Reached XP level 13. HP: 129/129 MP: 13/13
     7 | D        | Noticed a meat berserker
     7 | D        | Noticed a bag of meat
     8 | D        | Killed a meat berserker
     8 | D        | Gained mutation: You resist negative energy. (rN+) [Deep Dwarf growth]
     8 | D        | Reached XP level 14. HP: 119/142 MP: 14/14
     8 | D        | Noticed a bag of meat
     8 | D        | Noticed a bag of meat
     8 | D        | Noticed a bag of meat
     8 | D        | Noticed a bag of meat
     9 | D        | Killed a bag of meat
     9 | D        | Reached skill level 10 in Axes
     9 | D        | Reached XP level 15. HP: 102/152 MP: 15/15
    10 | D        | Killed a meat berserker
    10 | D        | Reached ** piety under Makhleb
    10 | D        | Reached skill level 15 in Throwing
    10 | D        | Reached skill level 27 in Dodging
    11 | D        | Reached skill level 15 in Axes
    11 | D        | Reached XP level 16. HP: 85/169 MP: 16/16
    12 | D        | Reached *** piety under Makhleb
    12 | D        | Reached skill level 27 in Unarmed Combat
    14 | D        | Reached XP level 17. HP: 184/186 MP: 17/17
    16 | D        | Reached **** piety under Makhleb
    17 | D        | Noticed a large bag of meat
    21 | D        | Noticed a large bag of meat
    22 | D        | Killed a large bag of meat
    22 | D        | Reached skill level 27 in Axes
    22 | D        | Reached skill level 10 in Armour
    22 | D        | Gained mutation: You passively map a large area around you. [Deep Dwarf growth]
    22 | D        | Reached XP level 18. HP: 212/212 MP: 18/18
    23 | D        | Reached ***** piety under Makhleb
    24 | D        | Noticed a large bag of meat
    24 | D        | Noticed a meat berserker
    25 | D        | Killed a large bag of meat
    25 | D        | Reached skill level 27 in Fighting
    26 | D        | Killed a meat berserker
    26 | D        | Reached skill level 27 in Throwing
    26 | D        | Reached XP level 19. HP: 226/226 MP: 19/19
    26 | D        | Noticed a destroyer
    29 | D        | Killed a large bag of meat
    29 | D        | Noticed a meat berserker
    32 | D        | Killed a destroyer
    32 | D        | Reached skill level 27 in Armour
    32 | D        | Reached XP level 20. HP: 132/236 MP: 20/20
    32 | D        | Killed a meat berserker
    32 | D        | Noticed a meat berserker
    33 | D        | Reached skill level 15 in Spellcasting
    34 | D        | Noticed a meat berserker
    34 | D        | Noticed a destroyer
    34 | D        | Noticed a destroyer
    36 | D        | Killed a meat berserker
    36 | D        | Reached XP level 21. HP: 192/244 MP: 20/43
    37 | D        | Killed a destroyer
    37 | D        | Reached ****** piety under Makhleb
    37 | D        | Reached skill level 27 in Stealth
    37 | D        | Reached skill level 27 in Invocations
    39 | D        | Killed a destroyer
    39 | D        | Reached skill level 27 in Spellcasting
    39 | D        | Reached XP level 22. HP: 254/254 MP: 21/53
    39 | D        | Noticed a destroyer
    39 | D        | Noticed a destroyer
    41 | D        | Noticed a destroyer
    42 | D        | Killed a destroyer
    42 | D        | Killed a destroyer
    42 | D        | Reached XP level 23. HP: 219/262 MP: 22/54
    43 | D        | Killed a destroyer
    43 | D        | Noticed a destroyer
    51 | D        | Killed a destroyer
    51 | D        | Reached XP level 24. HP: 272/272 MP: 25/54
    53 | D        | Noticed a tyrant
    56 | D        | Noticed a tyrant
    60 | D        | Killed a tyrant
    61 | D        | Noticed a meat beast
    61 | D        | Noticed a dread
    62 | D        | Killed a tyrant
    64 | D        | Reached XP level 25. HP: 280/280 MP: 29/54
    65 | D        | Killed a meat beast
    65 | D        | Reached XP level 26. HP: 290/290 MP: 29/54
    66 | D        | Noticed a meat beast
    66 | D        | Noticed a dread
    66 | D        | Noticed a dread
    67 | D        | Noticed a meat beast
    68 | D        | Noticed a meat beast
    69 | D        | Killed a meat beast
    69 | D        | Reached XP level 27. HP: 298/298 MP: 30/54
    70 | D        | Noticed a tyrant
    70 | D        | Killed a meat beast
    70 | D        | Noticed a destroyer
    71 | D        | Killed a meat beast
    71 | D        | Killed a dread
    76 | D        | Killed a destroyer
    77 | D        | Killed a dread
    80 | D        | Killed a dread
    84 | D        | Noticed a meat beast
    86 | D        | Killed a tyrant
    86 | D        | Noticed a tyrant
    88 | D        | Killed a tyrant
    88 | D        | Noticed a destroyer
    89 | D        | Killed a meat beast
    91 | D        | Killed a destroyer
    94 | D        | Noticed an accursed
    94 | D        | Noticed an accursed
   101 | D        | Killed an accursed
   102 | D        | Noticed a destroyer
   102 | D        | Noticed a dread
   106 | D        | Noticed a destroyer
   107 | D        | Killed a destroyer
   110 | D        | Noticed The Servant
   110 | D        | Noticed a destroyer
   110 | D        | Noticed an accursed
   110 | D        | Mangled by a bag of meat

Skill      XL: |  1  2  3  4  5  6  7  8  9 10 11 12 13 14 15 16 17 18 19 20 21 |
---------------+----------------------------------------------------------------+-----
Fighting       | 9 12 13 14 17 20 25 27 | 27.0
Axes           | 4 7 9 10 15 20 27 | 27.0
Throwing       | 9 11 13 15 17 20 27 | 27.0
Dodging        | 19 23 25 26 27 | 27.0
Unarmed Combat | 16 19 22 25 27 | 27.0
Armour         | 2 6 10 19 27 | 27.0
Stealth        | 26 27 | 27.0
Spellcasting   | 18 27 | 27.0
Invocations    | 25 27 | 27.0

Action                   |  1- 3 |  4- 6 |  7- 9 | 10-12 | 13-15 | 16-18 | 19-21 | 22-24 | 25-27 || total
-------------------------+-------+-------+-------+-------+-------+-------+-------+-------+-------++-------
Melee: Executioner's axe |     1 |       |       |       |     4 |     9 |     6 |     9 |    28 ||    57
Armor: Leather armour    |       |       |       |       |       |       |       |       |     1 ||     1
Dodge: Dodged            |       |       |       |       |       |       |     1 |     1 |     4 ||     6
